 Dungeon Crawl Stone Soup version 0.21.1-1-g345015f (webtiles) character file.

93 johnjohn the Chopper (level 4, -1/41 HPs)
             Began as a Hill Orc Fighter on May 13, 2018.
             Slain by a gnoll
             ... wielding a +2 dagger of chaos
              (2 damage)
             ... on level 2 of the Dungeon.
             The game lasted 00:05:47 (1526 turns).

johnjohn the Chopper (Hill Orc Fighter)             Turns: 1526, Time: 00:05:48

Health: -1/41      AC:  6    Str: 19    XL:     4   Next: 61%
Magic:  4/4        EV:  7    Int:  8    God:
Gold:   125        SH:  9    Dex: 10    Spells: 3/3 levels left

rFire    . . .     SeeInvis .   a - +0 war axe
rCold    . . .     Gourm    .   c - +0 shield
rNeg     . . .     Faith    .   b - +0 scale mail
rPois    .         Spirit   .   (no helmet)
rElec    .         Reflect  .   (no cloak)
rCorr    .         Harm     .   (no gloves)
MR       .....                  (no boots)
Stlth    ..........             (no amulet)
HPRegen  0.13/turn              (no ring)
MPRegen  0.09/turn              (no ring)

@: lethally poisoned (-1 -> -10), berserk cooldown, hasted and slowed, drained
A: no striking features
a: no special abilities


You were on level 2 of the Dungeon.
You were not hungry.

You visited 1 branch of the dungeon, and saw 2 of its levels.

You collected 125 gold pieces.

Inventory:

Hand Weapons
 a - a +0 war axe (weapon)
 o - a cursed +0 mace
Armour
 b - a +0 scale mail (worn)
 c - a +0 shield (worn)
Jewellery
 e - an uncursed amulet of harm {unknown}
 j - an uncursed amulet of magic regeneration {unknown}
 n - an uncursed ring of positive energy {unknown}
Scrolls
 g - 2 scrolls of identify {unknown}
 h - 3 scrolls of remove curse {unknown}
 i - 3 scrolls of teleportation {unknown}
 k - a scroll of fear {unknown}
 l - 2 scrolls of amnesia {unknown}
Potions
 d - a potion of might
 m - a potion of lignification {unknown}
 q - a potion of heal wounds {unknown}
 r - 2 potions of haste {unknown}
 s - a potion of degeneration {unknown}
Comestibles
 f - 4 rations
 p - a chunk of flesh


   Skills:
 + Level 4.6(4.4) Fighting
 * Level 5.3(5.1) Axes
 - Level 3.2(3.1) Armour
 - Level 3.2(3.1) Shields


You had 3 spell levels left.
You didn't know any spells.

Dungeon Overview and Level Annotations

Branches:
Dungeon (2/15)

Altars:
Wu Jian


Message History

You feel sick.
The gnoll hits you from afar with a spear of chaos.
* * * LOW HITPOINT WARNING * * *
You hit the gnoll.
The gnoll is lightly wounded.
* * * LOW HITPOINT WARNING * * *
You feel sick. The gnoll barely misses you.
The gnoll hits you from afar with a spear of chaos.
* * * LOW HITPOINT WARNING * * *
You hit the gnoll.
The gnoll is moderately wounded.
* * * LOW HITPOINT WARNING * * *
You feel sick.
The gnoll hits you with a dagger of chaos.
* * * LOW HITPOINT WARNING * * *
You block the gnoll's attack.
The gnoll hits you with a dagger of chaos.
* * * LOW HITPOINT WARNING * * *
The gnoll freezes you.
You die...

....#............## ##≈.#
..........)......# #.#.⌠≈
...#.............##.#≈.≈.
...#.##....#.....#≈..#≈..
...#.##....#.....#≈#.#.≈#
####.##....#.....#.#.#
#.##....#.....g.##
#..#....#....g#≈⌠≈.#
#####.#....##.#.@#≈###.≈.
..# #......##.#..#≈# §≈#
#.# ##.....##.#..#≈#. #
#.# #..(####.#..##≈≈≈
#.#####..# #.#..###.≈.
#........####.#### #≈≈⌠.
...............#####
#..................#
#.......>....(.....#


You could see 2 gnolls.

Vanquished Creatures
  4 gnolls (D:2)
  An adder (D:2)
  A worm (D:2)
  2 dart slugs
  2 leopard geckos
  4 bats (D:1)
  3 giant cockroaches
  2 goblins (D:1)
  4 hobgoblins (D:2)
  5 kobolds
  A quokka (D:2)
  2 ball pythons (D:2)
  5 rats
  A bush (D:1)
  3 plants (D:1)
40 creatures vanquished.

Notes
Turn   | Place    | Note
-------+----------+-------------------------------------------
     0 | D:1      | johnjohn the Hill Orc Fighter began the quest for the Orb.
     0 | D:1      | Reached XP level 1. HP: 19/19 MP: 1/1
    74 | D:1      | Reached skill level 3 in Axes
   317 | D:1      | Reached XP level 2. HP: 27/27 MP: 2/2
   885 | D:2      | Reached skill level 4 in Axes
   896 | D:2      | Reached XP level 3. HP: 33/33 MP: 3/3
   925 | D:2      | Reached XP level 4. HP: 23/41 MP: 4/4
  1201 | D:2      | Reached skill level 5 in Axes
  1247 | D:2      | Found an ornate altar of the Wu Jian Council.
  1526 | D:2      | HP: 1/41 [gnoll/dagger of chaos (3)]
  1526 | D:2      | Slain by a gnoll

Skill      XL: |  1  2  3  4 |
---------------+-------------+-----
Axes           | 3 4 5 |  5.3
Fighting       | 4 |  4.6
Armour         | |  3.2
Shields        | |  3.2

Action                   |  1- 3 |  4- 6 || total
-------------------------+-------+-------++-------
Melee: War axe           |   145 |    45 ||   190
  Eat: Chunk             |       |     2 ||     2
Armor: Scale mail        |    25 |     5 ||    30
Dodge: Dodged            |    29 |    15 ||    44
Block: Shield            |    35 |    33 ||    68
